 Dungeon Crawl Stone Soup version 0.16-a0-331-g39fd2ee (webtiles) character file.

265 Kashira the Magician (level 5, -14/41 HPs)
             Began as a Mummy Skald on Sept 8, 2014.
             Demolished by an ogre
             ... wielding a +0 giant club
              (19 damage)
             ... on Level 4 of the Dungeon.
             The game lasted 00:10:56 (3245 turns).

Kashira the Magician (Mummy Skald)                  Turns: 3245, Time: 00:10:57

HP -14/41        AC  4     Str 15      XL: 5   Next: 99%
MP   5/11        EV 13     Int 11      God:
Gold 156         SH  0     Dex 12      Spells:  3 memorised,  5 levels left

rFire  x . .     SeeInvis .     a - +1 mace
rCold  + . .     Clarity  .     f - +0 leather armour (curse)
rNeg   + + +     rCorr    .     (no shield)
rPois  +         rRot     +     (no helmet)
rElec  .         Spirit   .     (no cloak)
SustAb .         Warding  .     (no gloves)
rMut   .         Stasis   .     g - +0 pair of boots
Gourm  .                        (no amulet)
MR     .....                    (no ring)
                                d - +2 ring of evasion

@: not resistant to hostile enchantments, very unstealthy
A: no food or potions, fire vulnerability, restore body, cold resistance 1,
negative energy resistance 3, poison resistance, torment resistance, unbreathing
a: no special abilities


You were on level 4 of the Dungeon.
You were not hungry.

You visited 1 branch of the dungeon, and saw 4 of its levels.

You collected 156 gold pieces.

Inventory:

Hand weapons
 a - a +1 mace (weapon)
Missiles
 e - 7 tomahawks (quivered)
Armour
 b - a +0 leather armour
 f - a cursed +0 leather armour (worn)
 g - a +0 pair of boots (worn)
Scrolls
 h - a scroll of enchant weapon
 i - a scroll of fear {unknown}
 j - a scroll of magic mapping
 l - a scroll of remove curse
 m - 3 scrolls of identify {unknown}
 n - 3 scrolls of immolation {unknown}
 o - 2 scrolls of fog {unknown}
 p - a scroll of amnesia {unknown}
 r - 2 scrolls of blinking {unknown}
 s - a scroll of random uselessness {unknown}
Jewellery
 d - a +2 ring of evasion (left hand)
 k - an uncursed amulet of resist mutation {unknown}
Books
 c - a book of Battle

   Spells                             Type                      Level
   *Infusion                          Charms                       1
   *Shroud of Golubria                Charms/Translocation         2
   *Song of Slaying                   Charms                       2
   Spectral Weapon                    Hexes/Charms                 3
   Regeneration                       Charms/Necromancy            3
 q - a book of Spatial Translocations

   Spells                             Type                      Level
   Apportation                        Translocation                1
   Blink                              Translocation                2
   *Shroud of Golubria                Charms/Translocation         2
   Portal Projectile                  Translocation                3
   Teleport Other                     Translocation                3
   Passage of Golubria                Translocation                4


   Skills:
 + Level 3.0 Fighting
 + Level 2.2 Maces & Flails
 + Level 1.7 Armour
 + Level 2.3 Dodging
 + Level 3.3 Spellcasting
 + Level 2.8 Charms
 + Level 0.2 Translocations


You had 5 spell levels left.
You knew the following spells:

 Your Spells              Type           Power        Failure   Level  Hunger
a - Infusion              Chrm           #.....       10%         1    N/A
b - Shroud of Golubria    Chrm/Tloc      #.........   24%         2    N/A
c - Song of Slaying       Chrm           #.......     14%         2    N/A

Dungeon Overview and Level Annotations

Branches:
Dungeon (4/15)
 Temple: D:4-7

Altars:
Vehumet
Xom
Yredelemnul


Innate Abilities, Weirdness & Mutations

You do not eat or drink.
Your flesh is vulnerable to fire.
Your flesh is cold resistant.
You are immune to negative energy.
Your system is resistant to poisons.
You are immune to unholy pain and torment.
You can survive without breathing.


Message History

You hit the giant cockroach.
You kill the giant cockroach!
You are no longer magically infusing your attacks.
You hit the ogre.
The ogre is lightly wounded.
Your shroud begins to fray at the edges.
The ogre hits you but does no damage.
You hit the ogre but do no damage.
The ogre is lightly wounded.
The ogre hits you with a giant club!!
Ouch! That really hurt!
* * * LOW HITPOINT WARNING * * *
Your shroud falls apart!
You see here a worker ant corpse.
Read which item? (? for menu, Esc to quit)
As you read the scroll labeled BYICLI TAVI SHUE, it crumbles to dust.
It is a scroll of enchant weapon.
Enchant which weapon? (? for menu, Esc to quit)
Your +0 mace glows red for a moment.
The ogre hits you with a giant club!!
You die...

# ....## ## .......
. ..... # # ##...
#.#.. #%%# ..... #.#
..# #.# ###.. #O#
....# #@# #.. .#<.#
.######.### #....
.#..##.
...........### #....
.......
.####.......# #... #
##..###
#.......###..# .## #
#.........#..# ...#
♣♣♣♣♣♣♣♣♣
#.........#..###....
........♣
#.......#.#.#.......
.8....8.♣
###...###.).....#


You could see an ogre.

Vanquished Creatures
  A scorpion (D:4)
  2 worker ants (D:4)
  Jessica (D:2)
  7 adders
  A worm (D:2)
  2 giant geckos
  An ooze (D:1)
  3 orcs (D:3)
  6 ball pythons (D:3)
  13 goblins
  8 hobgoblins
  11 bats
  6 giant cockroaches
  4 giant newts
  A giant newt skeleton (D:4)
  4 jackals (D:1)
  7 kobolds
  8 rats
86 creatures vanquished.

Notes
Turn   | Place    | Note
--------------------------------------------------------------
     0 | D:1      | Kashira, the Mummy Skald, began the quest for the Orb.
     0 | D:1      | Reached XP level 1. HP: 16/16 MP: 3/3
     6 | D:1      | Noticed a killer bee
     6 | D:1      | Noticed a crocodile
     6 | D:1      | Noticed a black bear
     6 | D:1      | Noticed a wyvern
   164 | D:1      | Reached skill level 1 in Dodging
   304 | D:1      | Reached XP level 2. HP: 22/22 MP: 0/4
   696 | D:1      | Learned a level 2 spell: Shroud of Golubria
  1159 | D:1      | Learned a level 2 spell: Song of Slaying
  1175 | D:1      | Reached XP level 3. HP: 18/28 MP: 0/6
  1452 | D:2      | Reached skill level 1 in Armour
  1752 | D:2      | Found a radiant altar of Vehumet.
  1841 | D:2      | Reached XP level 4. HP: 34/34 MP: 1/8
  1948 | D:2      | Noticed Jessica
  1955 | D:2      | Killed Jessica
  2057 | D:3      | Found a shimmering altar of Xom.
  2066 | D:3      | Found a shimmering altar of Xom.
  2830 | D:3      | Reached XP level 5. HP: 39/39 MP: 6/10
  2853 | D:3      | Reached skill level 3 in Spellcasting
  3207 | D:4      | Found a basalt altar of Yredelemnul.
  3234 | D:4      | Noticed an ogre
  3245 | D:4      | Demolished by an ogre

Action                   |  1- 3 |  4- 6 || total
-------------------------+-------+-------++-------
Melee: Mace              |   131 |   161 ||   292
 Cast: Infusion          |    20 |    12 ||    32
       Shroud of Golubri |     7 |    17 ||    24
       Song of Slaying   |     2 |       ||     2
  Use: Scroll            |     2 |     1 ||     3
